 Dungeon Crawl Stone Soup version 0.20.1-1-g8b1a95d (webtiles) character file.

60 Lanoc the Ducker (level 4, -1/30 HPs)
             Began as an Octopode Gladiator on Dec 3, 2017.
             Slain by Lanoc's ghost (12 damage)
             ... on level 3 of the Dungeon.
             The game lasted 00:04:27 (1250 turns).

Lanoc the Ducker (Octopode Gladiator)               Turns: 1250, Time: 00:04:28

Health: -1/30      AC:  2    Str: 13    XL:     4   Next: 4%
Magic:  4/4        EV: 14    Int: 10    God:
Gold:   112        SH:  0    Dex: 14    Spells: 3/3 levels left

rFire    . . .     SeeInvis .   a - +1 quarterstaff
rCold    . . .     Gourm    .   (shield currently unavailable)
rNeg     . . .     Faith    .   b - +1 hat
rPois    .         Spirit   .   (no amulet)
rElec    .         Reflect  .   (no ring)
rCorr    .         Harm     .   (no ring)
MR       .....                  (no ring)
Stlth    ++........             (no ring)
Regen    0.1/turn               (no ring)
MPRegen  0.1/turn               (no ring)
                                (no ring)
                                (no ring)

@: no status effects
A: almost no armour, stealthy swim, amphibious, 8 rings, constrict 8, camouflage
1, gelatinous body 1
a: no special abilities


You were on level 3 of the Dungeon.
You were not hungry.

You visited 1 branch of the dungeon, and saw 3 of its levels.

You collected 112 gold pieces.

Inventory:

Hand Weapons
 a - a +1 quarterstaff (weapon)
Missiles
 c - 3 throwing nets
 j - 4 tomahawks (quivered)
Armour
 b - a +1 hat (worn)
Scrolls
 e - a scroll of amnesia {unknown}
 f - 2 scrolls of enchant weapon
 h - a scroll of enchant armour
 n - a scroll of remove curse
 p - a scroll of noise {unknown}
Potions
 g - a potion of invisibility {unknown}
 i - a potion of might {unknown}
 k - a potion of brilliance
 m - 2 potions of curing {unknown}
 q - a potion of cancellation {unknown}
Comestibles
 d - a bread ration
 l - 2 royal jellies
 o - 6 chunks of flesh


   Skills:
 + Level 2.6 Fighting
 + Level 3.4 Staves
 + Level 2.7 Throwing
 + Level 3.5 Dodging


You had 3 spell levels left.
You didn't know any spells.

Dungeon Overview and Level Annotations

Branches:
Dungeon (3/15)

Altars:
Fedhas
Uskayaw

Annotations:
D:3 Lanoc's ghost, amateur DDFi


Innate Abilities, Weirdness & Mutations

You cannot wear most types of armour.
You are very stealthy in the water. (Stealth+)
You are amphibious.
You can wear up to eight rings at the same time.
You can use your tentacles to constrict eight enemies at once.
Your skin changes colour to match your surroundings (Stealth+).
Your rubbery body absorbs attacks. (AC +1, EV +1)


Message History

Lanoc's ghost screams, "Don't try to defend!
You have no chance!"
You hit the giant cockroach.
You kill the giant cockroach!
Lanoc's ghost whispers, "Everlasting silence awaits you..."
Press: ? - help, v - describe, . - travel
Here: Lanoc's ghost The floor.
You hit Lanoc's ghost. You squeeze Lanoc's ghost!
Lanoc's ghost is moderately damaged.
Lanoc's ghost misses you.
You hit Lanoc's ghost. You squeeze Lanoc's ghost.
Lanoc's ghost is moderately damaged.
Lanoc's ghost hits you!
You closely miss Lanoc's ghost.
Lanoc's ghost is moderately damaged.
Lanoc's ghost hits you.
You hit Lanoc's ghost but do no damage.
Lanoc's ghost is moderately damaged.
Lanoc's ghost barely misses you. Lanoc's ghost hits you!
You die...

########## ........)#
.........# ##########
.........# #........#
.........# #........#
.........# #........#
......W@.###........#
......).............#
.........##.........#
.........#..#########
###.######.## #. #.#
# #.#######
##.......##
#.........##


You could see Lanoc's ghost.

Vanquished Creatures
  An adder (D:3)
  An ooze (D:2)
  2 worms
  2 leopard geckos
  7 bats
  4 giant cockroaches
  5 goblins
  3 hobgoblins
  6 kobolds
  6 frilled lizards
  3 rats
40 creatures vanquished.

Notes
Turn   | Place    | Note
-------+----------+-------------------------------------------
     0 | D:1      | Lanoc the Octopode Gladiator began the quest for the Orb.
     0 | D:1      | Reached XP level 1. HP: 14/14 MP: 1/1
     1 | D:1      | Noticed an electric eel
    92 | D:1      | Reached XP level 2. HP: 19/19 MP: 2/2
   620 | D:2      | Found a blossoming altar of Fedhas.
   670 | D:2      | Reached XP level 3. HP: 19/25 MP: 3/3
   865 | D:2      | Found a hide-covered altar of Uskayaw.
  1238 | D:3      | Noticed Lanoc's ghost (amateur DDFi)
  1243 | D:3      | Reached XP level 4. HP: 27/30 MP: 4/4
  1250 | D:3      | Slain by Lanoc's ghost

Action                   |  1- 3 |  4- 6 || total
-------------------------+-------+-------++-------
Melee: Quarterstaff      |    62 |     6 ||    68
       Constrict         |    10 |       ||    10
       Tentacles         |     6 |     2 ||     8
  Use: Scroll            |     5 |       ||     5
 Stab: Sleeping          |     6 |       ||     6
  Eat: Chunk             |     1 |       ||     1
Armor: Skin              |     8 |       ||     8
Dodge: Dodged            |    40 |     2 ||    42
